 Dungeon Crawl Stone Soup version 0.22-a0-447-gee5f723 (webtiles) character file.

130 Leszczynek the Charmwright (level 4, -2/26 HPs)
             Began as a Deep Elf Skald on June 3, 2018.
             Slain by an orc
             ... wielding a +0 whip
              (4 damage)
             ... on level 3 of the Dungeon.
             The game lasted 00:07:27 (1122 turns).

Leszczynek the Charmwright (Deep Elf Skald)         Turns: 1122, Time: 00:07:28

Health: -2/26      AC:  4    Str:  9    XL:     4   Next: 90%
Magic:  2/10       EV: 12    Int: 18    God:
Gold:   106        SH:  0    Dex: 14    Spells: 3/9 levels left

rFire    . . .     SeeInvis .   a - +0 short sword
rCold    . . .     Gourm    .   (no shield)
rNeg     . . .     Faith    .   b - +0 leather armour
rPois    .         Spirit   .   (no helmet)
rElec    .         Reflect  .   i - +0 cloak
rCorr    .         Harm     .   (no gloves)
MR       .....                  (no boots)
Stlth    +.........             (no amulet)
HPRegen  0.08/turn              (no ring)
MPRegen  0.12/turn              (no ring)

@: slowed, very slow
A: no striking features
a: no special abilities


You were on level 3 of the Dungeon.
You were hungry.

You visited 1 branch of the dungeon, and saw 3 of its levels.

You collected 106 gold pieces.

Inventory:

Hand Weapons
 a - a +0 short sword (weapon)
Missiles
 j - 2 javelins (quivered)
Armour
 b - a +0 leather armour (worn)
 i - a +0 cloak (worn)
Scrolls
 c - a scroll of random uselessness {unknown}
 f - a scroll of teleportation {unknown}
 g - a scroll of amnesia {unknown}
 k - a scroll of magic mapping {unknown}
 l - a scroll of fear {unknown}
Potions
 h - a potion of magic {unknown}
Comestibles
 d - 4 rations
 m - a chunk of flesh


   Skills:
 - Level 2.0 Fighting
 + Level 3.6 Short Blades
 - Level 0.7 Armour
 - Level 2.4 Dodging
 - Level 3.0 Spellcasting
 + Level 3.7 Hexes
 - Level 4.4 Charms
 - Level 1.0 Translocations


You had 3 spell levels left.
You knew the following spells:

 Your Spells              Type           Power        Failure   Level  Hunger
a - Infusion              Chrm           ###.         3%          1    None
b - Shroud of Golubria    Chrm/Tloc      ##........   11%         2    ##.....
c - Spectral Weapon       Hex/Chrm       ###.....     13%         3    ###....

Your spell library contained the following spells:

 Spells                   Type           Power        Failure   Level  Hunger
 Regeneration             Chrm/Necr      ##........   26%         3    ###....
 Song of Slaying          Chrm           ###.....     5%          2    ##.....


Dungeon Overview and Level Annotations

Branches:
Dungeon (3/15)

Altars:


Message History

Your spectral weapon barely misses the orc wizard.
The orc wizard barely misses you.
The orc hits your spectral weapon with a mace of protection.
Your spectral weapon shares its damage with you!
The orc wizard casts a spell at you. The magic dart hits you!
The orc hits you but does no damage.
The orc wizard hits your spectral weapon with a dagger.
Your spectral weapon shares its damage with you!
The orc hits your spectral weapon with a mace of protection!
Your spectral weapon shares its damage with you!
Your spectral weapon fades away.
It was a potion of cancellation.
You feel magically purged.
Your magical contamination has completely faded away.
You hear the rapid rusting of a very distant drain.
The orc wizard gestures at you while chanting.
The magic dart hits you!
* * * LOW HITPOINT WARNING * * *
The orc wizard points at you and mumbles some strange words.
You feel yourself slow down. The orc hits you with a whip.
You die...

...##................#...........
.#.##................#...........
.....................#...........
.#.##............................
.#.##................#.........##
.#.##.#########......#.........o.
##.##.#### #.)....#.....o...##
..)......# #......#.........##
##.##.##.#######@#####.........##
#.>.............o...'.........##
#..####(#.#...oo#####.........##
##..####.#.#.###.#####.........##
...............).................
######...#.#.#.#(#############.##
#.###.#.#.#.# #..# #. #.#.#.###
######.# #. #.#.#.# .........


You could see an orc wizard and 2 orcs.

Vanquished Creatures
  An orc priest (D:3)
  An orc wizard (D:3)
  2 adders
  A worm (D:3)
  2 dart slugs (D:1)
  3 leopard geckos
  5 orcs (D:3)
  5 bats (D:1)
  3 giant cockroaches (D:3)
  3 goblins
  3 hobgoblins (D:1)
  3 frilled lizards (D:2)
  5 kobolds
  8 rats
45 creatures vanquished.

Vanquished Creatures (others)
  A spectral weapon (D:3)
1 creature vanquished.

Grand Total: 46 creatures vanquished

Notes
Turn   | Place    | Note
-------+----------+-------------------------------------------
     0 | D:1      | Leszczynek the Deep Elf Skald began the quest for the Orb.
     0 | D:1      | Reached XP level 1. HP: 12/12 MP: 6/6
    82 | D:1      | Reached XP level 2. HP: 14/17 MP: 1/8
   106 | D:1      | Reached skill level 2 in Fighting
   159 | D:1      | Learned a level 2 spell: Shroud of Golubria
   450 | D:1      | Reached skill level 1 in Translocations
   518 | D:2      | Reached skill level 3 in Short Blades
   518 | D:2      | Reached XP level 3. HP: 16/21 MP: 2/9
   589 | D:2      | Learned a level 3 spell: Spectral Weapon
   701 | D:3      | Reached skill level 1 in Hexes
   705 | D:3      | Reached skill level 2 in Hexes
   705 | D:3      | Reached XP level 4. HP: 24/26 MP: 5/10
   777 | D:3      | Reached skill level 3 in Hexes
  1122 | D:3      | HP: 2/26 [orc wizard/magic dart (8)]
  1122 | D:3      | Slain by an orc

Vault maps used:
D:1:      minmay_arrival_nine_rooms
D:2:      uniq_jessica
D:3:      nemelex_xobeh_ov_fountains_minmay, gup_sewer_entry_bubbles,
          led_sif_book, uniq_grinder

Skill      XL: |  1  2  3  4 |
---------------+-------------+-----
Fighting       | 2 |  2.0
Translocations | 1 |  1.0
Short Blades   | 3 |  3.6
Hexes          | 2 3 |  3.7
Armour         | |  0.7
Dodging        | |  2.4
Spellcasting   | |  3.0
Charms         | |  4.4

Action                   |  1- 3 |  4- 6 || total
-------------------------+-------+-------++-------
Melee: Short sword       |   117 |    60 ||   177
 Cast: Infusion          |     7 |     2 ||     9
       Shroud of Golubri |     5 |     3 ||     8
       Spectral Weapon   |     1 |     6 ||     7
  Use: Potion            |       |     1 ||     1
  Eat: Chunk             |       |     2 ||     2
Armor: Leather armour    |    29 |    15 ||    44
Dodge: Dodged            |    86 |    38 ||   124

Table legend:
 A = Spawn XP
 B = Non-spawn XP
 C = Spawn XP percentage of total XP
 D = Spawn monster count
 E = Non-spawn monster count
 F = Spawn count percentage of total count
 G = Total turns spent on level
                    A         B        C        D         E        F      G
               +---------+---------+-------+---------+---------+-------+---------
         Total |       0 |     187 |   0.0 |       0 |      45 |   0.0 |  1122
               +---------+---------+-------+---------+---------+-------+---------
           D:1 |       0 |      34 |   0.0 |       0 |      20 |   0.0 |   473
           D:2 |       0 |      17 |   0.0 |       0 |       5 |   0.0 |   179
           D:3 |       0 |     136 |   0.0 |       0 |      20 |   0.0 |   470
               +---------+---------+-------+---------+---------+-------+---------
